 Dungeon Crawl Stone Soup version 0.30.0-19-g36f170ea60 (webtiles) character file.

Game seed: 229300159535969346

142 monsoonserge the Ruffian (level 5, -2/43 HPs)
             Began as a Gnoll Wanderer on May 31, 2023.
             Slain by Robin
             ... wielding a +2 antimagic trident
              (4 damage)
             ... on level 3 of the Dungeon.
             The game lasted 00:06:39 (1832 turns).

monsoonserge the Ruffian (Gnoll Wanderer)           Turns: 1832, Time: 00:06:39

Health: -2/43      AC:  7    Str: 22    XL:     5   Next: 25%
Magic:  5/9        EV: 16    Int: 10    God:
Gold:   76         SH:  0    Dex: 10    Spells: 10/10 levels left

rFire   . . .        i - +0 flail
rCold   . . .        (no shield)
rNeg    . . .        j - +0 ring mail
rPois   .            s - +0 helmet
rElec   .            (no cloak)
rCorr   .            d - +0 pair of gloves
SInv    .            (no boots)
Will    .....        (no amulet)
Stlth   ++           w - +5 ring of evasion
HPRegen 0.27/turn    p - +6 ring of strength
MPRegen 0.11/turn

%: no passive effects
@: no status effects
A: fangs 1, strong nose, distributed training
a: no special abilities


You were on level 3 of the Dungeon.
You visited 1 branch of the dungeon, and saw 3 of its levels.

You collected 76 gold pieces.

Inventory:

Hand Weapons
 i - a +0 flail (weapon)
Missiles
 q - 8 stones (quivered)
 u - a throwing net
Armour
 d - a +0 pair of gloves (worn)
 f - a +0 leather armour
 j - a +0 ring mail (worn)
 s - a +0 helmet (worn)
Jewellery
 o - a ring of see invisible
 p - a +6 ring of strength (right hand)
 w - a +5 ring of evasion (left hand)
Scrolls
 b - a scroll of blinking
 e - a scroll of vulnerability
 l - a scroll of noise {unknown}
 r - a scroll of brand weapon {unknown}
 t - a scroll of enchant weapon {unknown}
 v - a scroll of poison {unknown}
Potions
 a - 2 potions of lignification {unknown}
 c - a potion of brilliance
 g - 2 potions of heal wounds {unknown}
 h - a potion of invisibility {unknown}
 k - 3 potions of degeneration {unknown}
 m - a potion of attraction {unknown}
 n - a potion of haste


   Skills:
 + Level 4.8 Fighting
 + Level 1.4 Short Blades
 + Level 1.4 Long Blades
 + Level 1.4 Axes
 + Level 3.0 Maces & Flails
 + Level 1.4 Polearms
 + Level 1.4 Staves
 + Level 1.4 Ranged Weapons
 + Level 1.4 Throwing
 + Level 3.0 Armour
 + Level 3.0 Dodging
 + Level 4.4 Stealth
 + Level 1.4 Shields
 + Level 4.8 Unarmed Combat
 + Level 3.1 Spellcasting
 + Level 1.1 Conjurations
 + Level 1.1 Hexes
 + Level 1.1 Summonings
 + Level 1.1 Necromancy
 + Level 1.1 Translocations
 + Level 1.1 Transmutations
 + Level 1.1 Fire Magic
 + Level 1.1 Ice Magic
 + Level 1.1 Air Magic
 + Level 1.1 Earth Magic
 + Level 1.1 Poison Magic
 + Level 1.6 Invocations
 + Level 1.4 Evocations


You had 10 spell levels left.
You didn't know any spells.
Your spell library contained the following spells:

 Spells                   Type           Power      Damage    Failure   Level
 Magic Dart               Conj           12%        1d3       26%         1
 Call Imp                 Summ           6%         N/A       38%         2
 Mephitic Cloud           Conj/Pois/Air  3%         N/A       63%         3


Dungeon Overview and Level Annotations

Branches:
Dungeon (3/15)

Altars:

Portals:
Sewer: D:3

Annotations:
D:3 Robin


Innate Abilities, Weirdness & Mutations

You have very sharp teeth.
Your uncanny sense of smell can sniff out nearby items.
Your experience applies equally to all skills.


Message History

The giant cockroach misses you. The goblin hits you with a +0 dagger.
You sock the goblin!
You kill the goblin!
The giant cockroach barely misses you.
Robin roars a battlecry!
The goblins go into a battle-frenzy!
The hobgoblin completely misses you. The goblin barely misses you.
The giant cockroach bites you.
You hit the goblin.
You kill the goblin!
The hobgoblin no longer looks unusually strong.
The hobgoblin hits you.
* * * LOW HITPOINT WARNING * * *
The giant cockroach closely misses you. The hobgoblin closely misses you.
You hit the hobgoblin.
You kill the hobgoblin!
The giant cockroach completely misses you.
You closely miss the hobgoblin.
You bite the hobgoblin, but do no damage.
The giant cockroach misses you. The hobgoblin barely misses you.
Robin hits you from afar with a +2 antimagic trident.
* * * LOW HITPOINT WARNING * * *
You feel your power leaking away.
The giant cockroach bites you but does no damage.
The hobgoblin completely misses you.
You hit the hobgoblin but do no damage. You punch the hobgoblin.
You kill the hobgoblin!
The giant cockroach barely misses you. Robin closely misses you.
The giant cockroach barely misses you.
Robin points. "Kill!"
Robin completely misses you.
You hit the giant cockroach but do no damage.
Your bite misses the giant cockroach. The giant cockroach closely misses you.
Robin hits you from afar with a +2 antimagic trident!
* * * LOW HITPOINT WARNING * * *
You feel your power leaking away.
You closely miss the giant cockroach.
The giant cockroach bites you but does no damage.
Robin hits you from afar with a +2 antimagic trident.
You die...

g~~~~~.... g~~∩~~...#
.~~~~~...# . ....
..~~~....## ##... ∆
..........# ....#
.........# ....## .
#g# .....####
#.#)###### ..##....
#.#B@....# ...#..#
.##..))....#
.....#####...........#
..........###........#
..........# #........#
##........# ###...>..#
#........# ##......#
#........# #.......#
#........####.......#


You could see Robin and a giant cockroach.

Vanquished Creatures
  4 gnolls (D:2)
  2 adders
  A river rat (D:3)
  A worm (D:2)
  A dart slug (D:1)
  3 endoplasms
  3 giant cockroaches
  17 goblins
  7 hobgoblins
  3 jackals (D:1)
  3 kobolds
  11 ball pythons
  4 bats
  A frilled lizard (D:1)
  7 rats
68 creatures vanquished.

Notes
Turn   | Place    | Note
-------+----------+-------------------------------------------
     0 | D:1      | monsoonserge the Gnoll Wanderer began the quest for the
                  | Orb.
     0 | D:1      | monsoonserge set off with the following items: a +0 mace, a
                  | scroll of blinking, a potion of brilliance, a +0 pair of
                  | gloves, a scroll of vulnerability, a +0 leather armour.
     0 | D:1      | Reached XP level 1. HP: 20/20 MP: 4/4
    99 | D:1      | Reached XP level 2. HP: 26/26 MP: 5/5
   606 | D:1      | Reached XP level 3. HP: 26/31 MP: 7/7
   783 | D:2      | Reached skill level 1 in Invocations
   787 | D:2      | Reached skill level 1 in Short Blades
   787 | D:2      | Reached skill level 1 in Long Blades
   787 | D:2      | Reached skill level 1 in Axes
   787 | D:2      | Reached skill level 1 in Polearms
   787 | D:2      | Reached skill level 1 in Staves
   787 | D:2      | Reached skill level 1 in Ranged Weapons
   787 | D:2      | Reached skill level 1 in Throwing
   787 | D:2      | Reached skill level 1 in Shields
   787 | D:2      | Reached skill level 1 in Evocations
   795 | D:2      | Reached XP level 4. HP: 7/38 MP: 8/8
  1370 | D:2      | Reached skill level 1 in Conjurations
  1370 | D:2      | Reached skill level 1 in Hexes
  1370 | D:2      | Reached skill level 1 in Summonings
  1370 | D:2      | Reached skill level 1 in Necromancy
  1370 | D:2      | Reached skill level 1 in Translocations
  1370 | D:2      | Reached skill level 1 in Transmutations
  1370 | D:2      | Reached skill level 1 in Fire Magic
  1370 | D:2      | Reached skill level 1 in Ice Magic
  1370 | D:2      | Reached skill level 1 in Air Magic
  1370 | D:2      | Reached skill level 1 in Earth Magic
  1370 | D:2      | Reached skill level 1 in Poison Magic
  1519 | D:2      | HP: 1/38 [gnoll/+0 flail (8)]
  1673 | D:3      | Noticed a black bear
  1752 | D:3      | Found a glowing drain.
  1759 | D:3      | Noticed Robin
  1769 | D:3      | Reached XP level 5. HP: 41/43 MP: 9/9
  1831 | D:3      | HP: 2/43 [Robin/+2 antimagic trident (8)]
  1832 | D:3      | Slain by Robin

Illustrated notes

Levels and vault maps discovered:
D:1:      dpeg_arrival_rooms_with_view, layout_basic, nrook_loot_triangle
D:2:      layout_loops_cross, st_stairs_6, nicolae_grassy_gnolls
D:3:      layout_rooms, lemuel_round_altar, portal_sewer_entry_a,
          ebering_ecumenical_altar_ruins, uniq_robin

Skill      XL: |  1  2  3  4  5 |
---------------+----------------+-----
Invocations    | 1 |  1.6
Short Blades   | 1 |  1.4
Long Blades    | 1 |  1.4
Axes           | 1 |  1.4
Polearms       | 1 |  1.4
Staves         | 1 |  1.4
Ranged Weapons | 1 |  1.4
Throwing       | 1 |  1.4
Shields        | 1 |  1.4
Evocations     | 1 |  1.4
Spellcasting   | 3 |  3.1
Conjurations   | 1 |  1.1
Hexes          | 1 |  1.1
Summonings     | 1 |  1.1
Necromancy     | 1 |  1.1
Translocations | 1 |  1.1
Transmutations | 1 |  1.1
Fire Magic     | 1 |  1.1
Ice Magic      | 1 |  1.1
Air Magic      | 1 |  1.1
Earth Magic    | 1 |  1.1
Poison Magic   | 1 |  1.1
Maces & Flails | 3 |  3.0
Armour         | 3 |  3.0
Dodging        | 3 |  3.0
Fighting       | |  4.8
Stealth        | |  4.4
Unarmed Combat | |  4.8

Action                     |  1- 3 |  4- 6 || total
---------------------------+-------+-------++-------
  Melee: Flail             |    93 |   120 ||   213
         Mace              |     5 |       ||     5
         Punch             |     2 |     3 ||     5
         Bite              |     2 |     6 ||     8
  Throw: Stone             |       |     5 ||     5
    Use: Potion            |       |     1 ||     1
   Stab: Sleeping          |     6 |     2 ||     8
 Armour: Leather armour    |    34 |    16 ||    50
         Ring mail         |       |    55 ||    55
  Dodge: Dodged            |    58 |   159 ||   217
